NYP
CONNECTICUT TIGERS @ VERMONT LAKE MONSTERS
07/18/2045
 
TOP OF THE 1ST
Connecticut Tigers batting - Pitching for Vermont Lake Monsters : LHP Shane Stratton
Pitching: LHP Shane Stratton
Batting: RHB Jon Goldstein 0-0: Called Strike
0-1: Ball
1-1: Ground out 6-3 (Groundball, 56, EV 88.8 MPH)
Batting: RHB John Welch 0-0: Called Strike
0-1: Called Strike
0-2: Foul Ball, location: 2F
0-2: Strikes out swinging
Batting: RHB John Evancho 0-0: Ball
1-0: SINGLE (Line Drive, 56, EV 104.4 MPH)
Batting: RHB Mike Patterson 0-0: Called Strike
0-1: Ball
1-1: Swinging Strike
1-2: Foul Ball, location: 2F
1-2: Foul Ball, location: 2F
1-2: Strikes out looking
Top of the 1st over - 0 runs, 1 hit, 0 errors, 1 left on base; Connecticut 0 - Vermont 0
BOTTOM OF THE 1ST
Vermont Lake Monsters batting - Pitching for Connecticut Tigers : RHP Alan Grossfeld
Pitching: RHP Alan Grossfeld
Batting: RHB Danny Heikkila 0-0: Foul Ball, location: 2F
0-1: Ball
1-1: Swinging Strike
1-2: Strikes out swinging
Batting: RHB Ricardo Mariscal 0-0: Called Strike
0-1: Ball
1-1: Ball
2-1: Swinging Strike
2-2: SINGLE (Groundball, 6MD, EV 98.8 MPH)
Batting: LHB Billy Schultz 0-0: Ball
Ricardo Mariscal steals 2nd base
1-0: Swinging Strike
1-1: Ball
2-1: Ball
3-1: Fly out, F8 (Flyball, 8LS, EV 81.2 MPH)
Batting: LHB Angel Sanchez 0-0: Foul Ball, location: 2F
0-1: Ball
1-1: Called Strike
1-2: Foul Ball, location: 2F
1-2: Strikes out swinging
Bottom of the 1st over - 0 runs, 1 hit, 0 errors, 1 left on base; Connecticut 0 - Vermont 0
TOP OF THE 2ND
Connecticut Tigers batting - Pitching for Vermont Lake Monsters : LHP Shane Stratton
Batting: RHB Eric Blaha 0-0: Called Strike
0-1: Swinging Strike
0-2: Foul Ball, location: 2F
0-2: Foul Ball, location: 2F
0-2: Strikes out swinging
Batting: RHB Travis Newton 0-0: Ball
1-0: Ball
2-0: TRIPLE (Flyball, 89XD, EV 92.5 MPH)
Batting: LHB Miguel Bojorquez 0-0: Ball
1-0: Foul Ball, location: 2F
1-1: Ball
2-1: Ball
3-1: Foul Ball, location: 2F
3-2: Foul Ball, location: 2F
3-2: Foul Ball, location: 2F
3-2: Strikes out swinging
Batting: RHB Rocky Hart 0-0: Foul Ball, location: 2F
0-1: Foul Ball, location: 2F
0-2: Foul Ball, location: 2F
0-2: TRIPLE (Groundball, 3L, EV 93.8 MPH)
Travis Newton scores
Batting: LHB Jeff Trapp 0-0: Fly out, F7 (Flyball, 78XD, EV 106.2 MPH)
Top of the 2nd over - 1 run, 2 hits, 0 errors, 1 left on base; Connecticut 1 - Vermont 0
BOTTOM OF THE 2ND
Vermont Lake Monsters batting - Pitching for Connecticut Tigers : RHP Alan Grossfeld
Batting: RHB Tony Moran 0-0: Fly out, F8 (Flyball, 8RXD, EV 96.2 MPH)
Batting: SHB Mike Jorgenson 0-0: Ball
1-0: Foul Ball, location: 2F
1-1: Ball
2-1: Ball
3-1: Base on Balls
Batting: RHB Jose Marquez 0-0: Called Strike
0-1: Ball
1-1: Ball
Mike Jorgenson steals 2nd base
2-1: Called Strike
2-2: Strikes out looking
Batting: RHB D.J. Torres 0-0: Foul Ball, location: 2F
0-1: Ball
1-1: Ground out 6-3 (Groundball, 6S, EV 69.4 MPH)
Bottom of the 2nd over - 0 runs, 0 hits, 0 errors, 1 left on base; Connecticut 1 - Vermont 0
TOP OF THE 3RD
Connecticut Tigers batting - Pitching for Vermont Lake Monsters : LHP Shane Stratton
Batting: RHB Jon Goldstein 0-0: Foul Ball, location: 2F
0-1: Ball
1-1: SINGLE (Groundball, 4M, EV 98.8 MPH) (infield hit)
Batting: RHB John Welch 0-0: Called Strike
0-1: Ball
1-1: Ball
2-1: Swinging Strike
2-2: Foul Ball, location: 2F
2-2: Strikes out swinging
Batting: RHB John Evancho 0-0: Ball
1-0: Ball
2-0: Foul Ball, location: 2F
2-1: Swinging Strike
2-2: Ball
3-2: Fly out, F8 (Flyball, 78D, EV 98.8 MPH)
Batting: RHB Mike Patterson 0-0: Ball
1-0: Fly out, F6 (Line Drive, 6, EV 68.1 MPH)
Top of the 3rd over - 0 runs, 1 hit, 0 errors, 1 left on base; Connecticut 1 - Vermont 0
BOTTOM OF THE 3RD
Vermont Lake Monsters batting - Pitching for Connecticut Tigers : RHP Alan Grossfeld
Batting: RHB Hidetada Iba 0-0: DOUBLE (Line Drive, 8RXD, EV 102.5 MPH)
Batting: RHB Danny Heikkila 0-0: Called Strike
0-1: Ball
1-1: Called Strike
1-2: Foul Ball, location: 2F
1-2: Ball
2-2: Foul Ball, location: 2F
2-2: Foul Ball, location: 2F
2-2: SINGLE (Groundball, 6D, EV 100.6 MPH)
Hidetada Iba to third
Runner from 3rd tries for Home, SAFE, throw by CF to home
Danny Heikkila to second
Batting: RHB Ricardo Mariscal 0-0: Fly out, F8 (Flyball, 78XD, EV 101.9 MPH)
Runner from 2nd tags up, SAFE at 3rd, no throw by CF
Batting: LHB Billy Schultz 0-0: Ball
1-0: Ball
2-0: Called Strike
2-1: Foul Ball, location: 2F
2-2: Foul Ball, location: 2F
2-2: Fly out, F9 (Flyball, 9S, EV 88.8 MPH)
Batting: LHB Angel Sanchez 0-0: Ball
1-0: Called Strike
1-1: Ball
Wild Pitch!
Danny Heikkila scores
2-1: Fly out, F5 (Popup, 5SF, EV 73.8 MPH)
Bottom of the 3rd over - 2 runs, 2 hits, 0 errors, 0 left on base; Connecticut 1 - Vermont 2
TOP OF THE 4TH
Connecticut Tigers batting - Pitching for Vermont Lake Monsters : LHP Shane Stratton
Batting: RHB Eric Blaha 0-0: Fly out, F8 (Line Drive, 8LD, EV 89.4 MPH)
Batting: RHB Travis Newton 0-0: Swinging Strike
0-1: Called Strike
0-2: Ball
1-2: Strikes out looking
Batting: LHB Miguel Bojorquez 0-0: Ball
1-0: Swinging Strike
1-1: Swinging Strike
1-2: Ball
2-2: Strikes out looking
Top of the 4th over - 0 runs, 0 hits, 0 errors, 0 left on base; Connecticut 1 - Vermont 2
BOTTOM OF THE 4TH
Vermont Lake Monsters batting - Pitching for Connecticut Tigers : RHP Alan Grossfeld
Batting: RHB Tony Moran 0-0: Called Strike
0-1: Ball
1-1: Foul Ball, location: 2F
1-2: Foul Ball, location: 2F
1-2: Foul Ball, location: 2F
1-2: SINGLE (Groundball, 56D, EV 108.8 MPH)
Batting: SHB Mike Jorgenson 0-0: Called Strike
0-1: Ball
1-1: Ball
2-1: Ball
3-1: Foul Ball, location: 2F
3-2: Foul Ball, location: 2F
3-2: Fielders Choice at 2nd, 1-6 (Groundball, 23, EV 72.5 MPH)
Batting: RHB Jose Marquez 0-0: Called Strike
0-1: Fielders Choice at 2nd, 4-6 (Groundball, 4M, EV 82.5 MPH)
Batting: RHB D.J. Torres 0-0: Foul Ball, location: 2F
0-1: Ball
1-1: Ball
2-1: Ball
3-1: Called Strike
3-2: Base on Balls
Jose Marquez to second
Batting: RHB Hidetada Iba 0-0: Swinging Strike
0-1: Called Strike
0-2: Strikes out swinging
Bottom of the 4th over - 0 runs, 1 hit, 0 errors, 2 left on base; Connecticut 1 - Vermont 2
TOP OF THE 5TH
Connecticut Tigers batting - Pitching for Vermont Lake Monsters : LHP Shane Stratton
Batting: RHB Rocky Hart 0-0: Ball
1-0: Ball
2-0: Foul Ball, location: 2F
2-1: Called Strike
2-2: Ball
3-2: Ground out 5-3 (Groundball, 56S, EV 87.5 MPH)
Batting: LHB Jeff Trapp 0-0: Called Strike
0-1: SINGLE (Groundball, 34S, EV 68.1 MPH) (infield hit)
Batting: RHB Jon Goldstein 0-0: Ball
Jeff Trapp is caught stealing 2nd base 2-4
1-0: Fly out, F9 (Line Drive, 9, EV 86.9 MPH)
Top of the 5th over - 0 runs, 1 hit, 0 errors, 0 left on base; Connecticut 1 - Vermont 2
BOTTOM OF THE 5TH
Vermont Lake Monsters batting - Pitching for Connecticut Tigers : RHP Alan Grossfeld
Pitching: LHP Jayden Carey
Batting: RHB Danny Heikkila 0-0: Called Strike
0-1: Fly out, F3 (Popup, 3SF, EV 75.6 MPH)
Batting: RHB Ricardo Mariscal 0-0: Ball
1-0: SINGLE (Line Drive, 4D, EV 96.2 MPH)
Batting: LHB Billy Schultz 0-0: Ball
1-0: Called Strike
1-1: Ball
2-1: Fielders Choice at 2nd, 3-6 (Groundball, 3, EV 100.0 MPH)
Batting: LHB Angel Sanchez 0-0: Called Strike
0-1: Ball
1-1: Ground out U3 (Groundball, 3, EV 83.8 MPH)
Bottom of the 5th over - 0 runs, 1 hit, 0 errors, 1 left on base; Connecticut 1 - Vermont 2
TOP OF THE 6TH
Connecticut Tigers batting - Pitching for Vermont Lake Monsters : LHP Shane Stratton
Batting: RHB John Welch 0-0: Called Strike
0-1: Called Strike
0-2: Strikes out swinging
Batting: RHB John Evancho 0-0: Foul Ball, location: 2F
0-1: Called Strike
0-2: Ball
1-2: Strikes out swinging
Batting: RHB Mike Patterson 0-0: Called Strike
0-1: Ball
1-1: DOUBLE (Line Drive, 8RXD, EV 112.5 MPH)
Batting: RHB Eric Blaha 0-0: Ball
1-0: Ball
2-0: Called Strike
2-1: Ball
3-1: Foul Ball, location: 2F
3-2: Fly out, F7 (Flyball, 7S, EV 83.8 MPH)
Top of the 6th over - 0 runs, 1 hit, 0 errors, 1 left on base; Connecticut 1 - Vermont 2
BOTTOM OF THE 6TH
Vermont Lake Monsters batting - Pitching for Connecticut Tigers : LHP Jayden Carey
Batting: RHB Tony Moran 0-0: Swinging Strike
0-1: SINGLE (Groundball, 56D, EV 101.9 MPH)
Batting: SHB Mike Jorgenson 0-0: SINGLE (Groundball, 4MD, EV 96.2 MPH)
Tony Moran to second
Batting: RHB Jose Marquez 0-0: Foul Ball, location: 2F
0-1: Reached on error, E6 (Groundball, 6MS, EV 88.8 MPH)
Tony Moran to third
Mike Jorgenson to second
Batting: RHB D.J. Torres 0-0: Ball
1-0: Grounds into fielders choice 6-2 (Groundball, 6, EV 92.5 MPH)
Mike Jorgenson to third
Jose Marquez to second
Batting: RHB Hidetada Iba 0-0: Called Strike
0-1: Called Strike
0-2: Ball
1-2: Foul Ball, location: 2F
1-2: Strikes out swinging
Batting: RHB Danny Heikkila 0-0: Foul Ball, location: 2F
0-1: Foul Ball, location: 2F
0-2: Ball
1-2: Ball
2-2: Foul Ball, location: 2F
2-2: Strikes out swinging
Bottom of the 6th over - 0 runs, 2 hits, 1 error, 3 left on base; Connecticut 1 - Vermont 2
TOP OF THE 7TH
Connecticut Tigers batting - Pitching for Vermont Lake Monsters : LHP Shane Stratton
Pitching: RHP Cory Falcon
Batting: RHB Travis Newton 0-0: Ball
1-0: Ball
2-0: Ball
3-0: Base on Balls
Batting: LHB Miguel Bojorquez 0-0: Called Strike
Travis Newton steals 2nd base
0-1: Bunted foul
0-2: Fly out, F8 (Flyball, 89D, EV 91.2 MPH)
Runner from 2nd tags up, SAFE at 3rd, no throw by CF
Batting: RHB Rocky Hart 0-0: Squeeze Bunt to P - play home, runner scores, batter safe!
Travis Newton scores
Batting: LHB Jeff Trapp 0-0: Called Strike
0-1: Ball
1-1: Ball
2-1: Foul Ball, location: 2F
2-2: Strikes out swinging
Rocky Hart steals 2nd base (no throw)
Batter strikes out.
Batting: RHB Jon Goldstein 0-0: Called Strike
0-1: Ball
1-1: Called Strike
1-2: Strikes out looking
Top of the 7th over - 1 run, 0 hits, 0 errors, 1 left on base; Connecticut 2 - Vermont 2
BOTTOM OF THE 7TH
Vermont Lake Monsters batting - Pitching for Connecticut Tigers : LHP Jayden Carey
Pitching: LHP Neil Palazzo
Batting: RHB Ricardo Mariscal 0-0: Ball
1-0: Called Strike
1-1: Ball
2-1: Ground out 4-3 (Groundball, 4, EV 80.0 MPH)
Batting: LHB Billy Schultz 0-0: Fly out, F7 (Line Drive, 7D, EV 100.0 MPH)
Batting: LHB Angel Sanchez 0-0: Ball
1-0: Ground out 4-3 (Groundball, 4S, EV 88.8 MPH)
Bottom of the 7th over - 0 runs, 0 hits, 0 errors, 0 left on base; Connecticut 2 - Vermont 2
TOP OF THE 8TH
Connecticut Tigers batting - Pitching for Vermont Lake Monsters : RHP Cory Falcon
Pitching: RHP Adrian Frazier
Batting: RHB John Welch 0-0: Ball
1-0: Ball
2-0: Foul Ball, location: 2F
2-1: Foul Ball, location: 2F
2-2: Ball
3-2: Strikes out looking
Batting: RHB John Evancho 0-0: SINGLE (Groundball, P, EV 85.6 MPH) (infield hit)
Batting: RHB Mike Patterson 0-0: Ball
John Evancho steals 2nd base
1-0: DOUBLE (Flyball, 8LXD, EV 95.6 MPH)
John Evancho scores
Batting: RHB Eric Blaha 0-0: Ball
1-0: Foul Ball, location: 2F
1-1: Swinging Strike
1-2: Ball
2-2: Strikes out swinging
Batting: RHB Travis Newton 0-0: Ball
1-0: Swinging Strike
1-1: Swinging Strike
1-2: Strikes out looking
Top of the 8th over - 1 run, 2 hits, 0 errors, 1 left on base; Connecticut 3 - Vermont 2
BOTTOM OF THE 8TH
Vermont Lake Monsters batting - Pitching for Connecticut Tigers : LHP Neil Palazzo
Batting: RHB Tony Moran 0-0: Called Strike
0-1: Ball
1-1: Ball
2-1: Ground out 4-3 (Groundball, 34S, EV 83.1 MPH)
Batting: SHB Mike Jorgenson 0-0: Ball
1-0: Called Strike
1-1: Called Strike
1-2: Ball
2-2: Foul Ball, location: 2F
2-2: Ball
3-2: Foul Ball, location: 2F
3-2: Ground out 6-3 (Groundball, 56, EV 78.1 MPH)
Batting: RHB Jose Marquez 0-0: Called Strike
0-1: Ball
1-1: Ball
2-1: Ball
3-1: Swinging Strike
3-2: DOUBLE (Line Drive, 89M, EV 96.9 MPH) - OUT at third base trying to stretch hit.
Bottom of the 8th over - 0 runs, 1 hit, 0 errors, 0 left on base; Connecticut 3 - Vermont 2
TOP OF THE 9TH
Connecticut Tigers batting - Pitching for Vermont Lake Monsters : RHP Adrian Frazier
Pitching: LHP Tom Jennings
Batting: LHB Miguel Bojorquez 0-0: Called Strike
0-1: Ball
1-1: Ball
2-1: Ground out U3 (Groundball, 3S, EV 71.9 MPH)
Pitching: LHP David Noffsinger
Batting: RHB Rocky Hart 0-0: Called Strike
0-1: Ball
1-1: SINGLE (Groundball, 6D, EV 103.8 MPH)
Batting: LHB Jeff Trapp 0-0: Called Strike
Rocky Hart steals 2nd base
0-1: Ball
1-1: Called Strike
Rocky Hart steals 3rd base
1-2: Ball
2-2: Foul Ball, location: 2F
2-2: Foul Ball, location: 2F
2-2: Ball
3-2: SINGLE (Groundball, 4, EV 100.6 MPH)
Rocky Hart scores
Batting: RHB Jon Goldstein 0-0: Called Strike
0-1: Ball
1-1: Foul Ball, location: 2F
1-2: Strikes out swinging
Batting: RHB John Welch 0-0: Ball
Jeff Trapp is caught stealing 2nd base 2-4
Top of the 9th over - 1 run, 2 hits, 0 errors, 0 left on base; Connecticut 4 - Vermont 2
BOTTOM OF THE 9TH
Vermont Lake Monsters batting - Pitching for Connecticut Tigers : LHP Neil Palazzo
Pitching: RHP Luis Brown
Batting: RHB D.J. Torres 0-0: Ball
1-0: SINGLE (Groundball, 34D, EV 103.8 MPH)
Pinch Hitting: LHB Oscar Rodriguez 0-0: Ball
1-0: Fly out, F9 (Flyball, 89M, EV 90.6 MPH)
Batting: RHB Danny Heikkila 0-0: Foul Ball, location: 2F
0-1: Ball
1-1: SINGLE (Line Drive, 7S, EV 90.6 MPH)
D.J. Torres to second
Batting: RHB Ricardo Mariscal 0-0: Called Strike
0-1: Called Strike
0-2: Strikes out swinging
Batting: LHB Billy Schultz 0-0: Ball
1-0: Ball
2-0: Called Strike
2-1: SINGLE (Line Drive, 89M, EV 105.6 MPH)
D.J. Torres to third
Danny Heikkila to second
Batting: LHB Angel Sanchez 0-0: Called Strike
0-1: Ball
1-1: Ground out 4-3 (Groundball, 4, EV 105.6 MPH)
Bottom of the 9th over - 0 runs, 3 hits, 0 errors, 3 left on base; Connecticut 4 - Vermont 2
Wednesday, June 22nd , 2022 - OOTP Baseball 23.4 Build 64